 Dungeon Crawl Stone Soup version 0.17-a0-1464-g59a308b (webtiles) character file.

13836 gilberto the Brawler (level 11, 0/103 HPs)
             Began as a Troll Monk on July 1, 2015.
             Was the Champion of Okawaru.
             Slain by a five-headed hydra (10 damage)
             ... on level 12 of the Dungeon.
             The game lasted 00:20:16 (9018 turns).

gilberto the Brawler (Troll Monk)                   Turns: 9018, Time: 00:20:16

Health: 0/103      AC: 14    Str: 24    XL:     11   Next: 80%
Magic:  7/10       EV:  8    Int:  6    God:    Okawaru [******]
Gold:   384        SH:  0    Dex: 12    Spells: 1 memorised, 9 levels left

rFire  + + +     SeeInvis .     B - +4 giant club "Koany" {speed, rPois rN+ MR+}
rCold  x . .     Clarity  .     c - +0 fire dragon armour
rNeg   + + .     SustAt   .     (no shield)
rPois  +         Gourm    +     (helmet restricted)
rElec  .         Spirit   .     q - +0 cloak
rCorr  .         Warding  .     (gloves unavailable)
rMut   .         Stasis   .     (boots unavailable)
MR     +....                    E - amulet of faith
Stlth  ..........               I - ring of positive energy
                                i - +4 ring of slaying

@: starving, drained, somewhat resistant to hostile enchantments, extremely
unstealthy
A: unfitting armour, claws 3, fangs 1, hooves 1, blurry vision 1, fire
resistance 1, fast metabolism 3, gourmand, regeneration 2, robust 1, screaming
1, shaggy fur 1, tough skin 2, MP-powered wands
a: Heroism, Finesse, Renounce Religion


You were on level 12 of the Dungeon.
You worshipped Okawaru.
Okawaru was exalted by your worship.
You were starving.

You visited 1 branch of the dungeon, and saw 13 of its levels.

You collected 562 gold pieces.
You spent 178 gold pieces at shops.

Inventory:

Hand weapons
 B - the +4 giant club "Koany" (weapon) {speed, rPois rN+ MR+}
   (Okawaru gifted it to you on level 9 of the Dungeon)

   Attacks with this weapon are significantly faster.
   It protects you from poison.
   It protects you from negative energy.
   It affects your resistance to hostile enchantments.
Missiles
 g - 10 tomahawks (quivered)
 N - 9 large rocks
Armour
 c - a +0 fire dragon armour (worn)
 q - a +0 cloak (worn)
Jewellery
 i - a +4 ring of slaying (left claw)
 n - an uncursed ring of sustain attributes
 v - an uncursed ring of invisibility
 y - an uncursed ring of see invisible
 E - an amulet of faith (around neck)
 F - an uncursed amulet of stasis {unknown}
 I - a ring of positive energy (right claw)
Magical devices
 k - a wand of magic darts (28)
 l - a wand of frost (29)
 s - a wand of polymorph (14)
 u - a wand of flame (40)
 H - a wand of draining (2)
 K - a wand of lightning (8)
 L - a wand of teleportation (5)
 P - a wand of flame (17)
Scrolls
 d - 2 scrolls of enchant weapon
 e - 6 scrolls of identify
 h - 4 scrolls of magic mapping
 m - a scroll of recharging
 r - a scroll of enchant armour
 t - a scroll of remove curse
 w - 4 scrolls of teleportation
 x - a scroll of fear
 z - 2 scrolls of noise
 D - a scroll of brand weapon
Potions
 a - 9 potions of curing
 f - 4 potions of agility
 o - a potion of brilliance
 p - 2 potions of might
 G - a potion of heal wounds
 O - a potion of cancellation
Books
 J - a book of Party Tricks

   Spells                             Type                      Level
   a - Summon Butterflies             Summoning                    1
   b - Apportation                    Translocation                1
   c - Tukima's Dance                 Hexes                        3
   d - Alistair's Intoxication        Transmutation/Poison         4
   e - Invisibility                   Hexes                        6
Comestibles
 b - 3 slices of pizza
 j - 3 beef jerkies
 A - a royal jelly
 C - a meat ration
 M - a fruit
 Z - 7 bread rations


   Skills:
 - Level 2.4(2.3) Fighting
 - Level 6.1(6.0) Armour
 - Level 2.4(2.3) Dodging
 - Level 1.1(1.0) Stealth
 * Level 16.9 Unarmed Combat


You had 9 spell levels left.
You knew the following spells:

 Your Spells              Type           Power        Failure   Level  Hunger
a - Summon Butterflies    Summ           #.......     96%         1    ##.....


Dungeon Overview and Level Annotations

Branches:
Dungeon (13/15)            Temple (0/1) D:7            Lair (0/8) D:11
    Orc: D:9-12      Vaults: D:13-14

Altars:
Elyvilon
Fedhas
Gozag
Kikubaaqudgha
Nemelex Xobeh
Okawaru
Qazlal
Vehumet
Yredelemnul
Zin
The Shining One

Shops:
D:4 *:   D:6 ?


Innate Abilities, Weirdness & Mutations

You are too large for most types of armour.
You have claws for hands.
Your metabolism is lightning-fast.
You like to eat raw meat.
You heal very quickly.
You are covered in fur (AC +1).
You have very tough skin (AC +2).
You have very sharp teeth.
You have large cloven feet.
Scrolls take you a little longer to read.
Your flesh is heat resistant.
You are robust (+10% HP).
You occasionally shout uncontrollably at your foes.
You expend magic power (3 MP) to strengthen your wands.


Message History

Press: ? - help, Shift-Dir - straight line, f - you
Okay, then.
A five-headed hydra is nearby!
Evoke which item? (* to show all) (? for menu, Esc to quit)
Okay, then.
Evoke which item? (* to show all) (? for menu, Esc to quit)
Zapping:
H - a wand of draining (will waste charges)
Press: ? - help, Shift-Dir - straight line, f - five-headed hydra
Aim: a five-headed hydra (severely wounded)
The bolt of negative energy misses the five-headed hydra.
Evoking this partially-identified wand wasted a few charges.
You sock the five-headed hydra! You kick the five-headed hydra.
You bite the five-headed hydra.
The five-headed hydra is almost dead.
The five-headed hydra closely misses you.
The five-headed hydra barely misses you.
The five-headed hydra bites you.
* * * LOW HITPOINT WARNING * * *
The five-headed hydra bites you!
You die...

##..## # ....#####
. #.....#.# ##.
##......# #
#.####......# #
##...........#####
#........<>.......
##D...............
#@###.............
### ###...##......
#..####.....
...### ##...##
###. ##...## ##
##....##
#.........##
#...........
#......#...


You could see a five-headed hydra.

Vanquished Creatures
  Maud (D:11)
  A hydra (D:10)
  The ghost of Lick the Grappler, an experienced TrMo of Okawaru (D:9)
  The ghost of Lick the Grappler, an experienced TrMo of Okawaru (D:7)
  2 hill giants
  3 ugly things
  A cyclops (D:9)
  A troll (D:11)
  A two-headed ogre (D:10)
  Grinder (D:3)
  2 hippogriffs
  A shadow (D:11)
  6 yaks (D:9)
  A hungry ghost (D:8)
  A water moccasin (D:6)
  3 orc warriors
  3 black bears
  3 sky beasts
  3 ice beasts
  3 phantoms
  8 ogres
  9 centaurs
  A wasp (D:7)
  3 giant frogs
  2 big kobolds
  2 scorpions (D:10)
  A water moccasin zombie (D:5)
  17 wights
  2 giant frog zombies
  4 crimson imps
  A centaur zombie (D:7)
  8 hounds
  Crazy Yiuf (D:2)
  3 centaur skeletons
  3 giant frog skeletons
  A quasit (D:10)
  4 jellies
  7 orc priests
  Jessica (D:2)
  An iguana (D:4)
  Terence (D:2)
  12 worker ants
  5 orc wizards
  A hound zombie (D:5)
  3 hound skeletons
  3 worker ant zombies
  10 adders
  2 gnolls (D:4)
  2 shadow imps
  An ooze (D:2)
  An adder skeleton (D:5)
  An adder zombie (D:9)
  4 worms
  5 giant geckos
  31 orcs
  14 bats
  6 giant cockroaches
  6 goblins
  9 hobgoblins
  11 jackals
  5 quokkas
  2 ball pythons
  A giant gecko zombie (D:8)
  3 giant newts
  A jackal skeleton (D:4)
  A jackal zombie (D:9)
  30 kobolds
  2 quokka zombies (D:5)
  12 rats
303 creatures vanquished.

Notes
Turn   | Place    | Note
--------------------------------------------------------------
     0 | D:1      | gilberto the Troll Monk began the quest for the Orb.
     0 | D:1      | Reached XP level 1. HP: 22/22 MP: 0/0
   391 | D:1      | Reached XP level 2. HP: 29/29 MP: 1/1
   931 | D:2      | Reached skill level 5 in Unarmed Combat
   931 | D:2      | Reached XP level 3. HP: 33/36 MP: 2/2
   962 | D:2      | You fall through a shaft!
   977 | D:3      | Noticed Grinder
  1006 | D:3      | Paralysed by Grinder for 2 turns
  1017 | D:3      | You fall through a shaft!
  1064 | D:4      | Reached XP level 4. HP: 44/44 MP: 3/3
  1085 | D:4      | Found an ancient bone altar of Kikubaaqudgha.
  1101 | D:4      | Reached skill level 6 in Unarmed Combat
  1109 | D:4      | Reached XP level 5. HP: 23/50 MP: 4/4
  1200 | D:4      | Found Lulatoekk's Book Boutique.
  1320 | D:3      | Paralysed by Grinder for 5 turns
  1337 | D:3      | Killed Grinder
  1337 | D:3      | Reached skill level 7 in Unarmed Combat
  1337 | D:3      | Reached XP level 6. HP: 15/59 MP: 5/5
  1597 | D:2      | Found a sparkling altar of Nemelex Xobeh.
  1654 | D:2      | Noticed Terence
  1655 | D:2      | Noticed Jessica
  1657 | D:2      | Killed Terence
  1657 | D:2      | Reached skill level 8 in Unarmed Combat
  1661 | D:2      | Killed Jessica
  2011 | D:2      | Noticed Crazy Yiuf
  2021 | D:2      | Killed Crazy Yiuf
  2406 | D:3      | Reached XP level 7. HP: 54/66 MP: 6/6
  2588 | D:4      | Found Gaoguk's General Store.
  2597 | D:4      | Bought a potion of might for 44 gold pieces
  2597 | D:4      | Bought a scroll of enchant armour for 82 gold pieces
  2641 | D:4      | Found an iron altar of Okawaru.
  2667 | D:4      | Became a worshipper of Warmaster Okawaru
  2667 | D:4      | Acquired Okawaru's first power
  2821 | D:4      | Reached skill level 9 in Unarmed Combat
  2931 | D:5      | Entered Level 5 of the Dungeon
  3043 | D:5      | Found a white marble altar of Elyvilon.
  3043 | D:5      | Found a glowing silver altar of Zin.
  3051 | D:5      | Found a glowing golden altar of the Shining One.
  3314 | D:5      | Reached skill level 10 in Unarmed Combat
  3491 | D:5      | Reached XP level 8. HP: 74/74 MP: 7/7
  3613 | D:6      | Found Xadaz's Magic Scroll Shoppe.
  3625 | D:6      | Reached skill level 11 in Unarmed Combat
  3669 | D:6      | Gained mutation: You have large cloven feet. [mutagenic meat]
  3670 | D:6      | Gained mutation: You have a pair of small horns on your head. [mutagenic meat]
  3671 | D:6      | Gained mutation: Your mind is acute. (Int +2) [mutagenic meat]
  3672 | D:6      | Gained mutation: You have very sharp teeth. [mutagenic meat]
  3673 | D:6      | Lost mutation: You have a pair of small horns on your head. [mutagenic meat]
  3716 | D:6      | Bought a scroll of teleportation for 39 gold pieces
  3716 | D:6      | Bought a scroll of noise for 13 gold pieces
  3790 | D:6      | Found a blossoming altar of Fedhas.
  3800 | D:6      | Found a stormy altar of Qazlal.
  4091 | D:7      | Reached skill level 12 in Unarmed Combat
  4207 | D:7      | Paralysed by a wasp for 1 turns
  4209 | D:7      | Reached XP level 9. HP: 68/80 MP: 8/8
  4294 | D:7      | Found a staircase to the Ecumenical Temple.
  4321 | D:7      | Noticed Lick's ghost (experienced TrMo)
  4333 | D:7      | Killed Lick's ghost
  4341 | D:7      | Received a gift from Okawaru
  4490 | D:7      | Reached skill level 13 in Unarmed Combat
  4677 | D:7      | Acquired Okawaru's second power
  4782 | D:7      | Found a basalt altar of Yredelemnul.
  4782 | D:7      | Found an opulent altar of Gozag.
  4962 | D:7      | Found a radiant altar of Vehumet.
  5164 | D:8      | Reached skill level 14 in Unarmed Combat
  5211 | D:8      | Received a gift from Okawaru
  5244 | D:8      | Reached XP level 10. HP: 81/88 MP: 9/9
  5382 | D:8      | Gained mutation: Your flesh is heat resistant. [mutagenic meat]
  5383 | D:8      | Gained mutation: You occasionally shout uncontrollably at your foes. [mutagenic meat]
  5384 | D:8      | Gained mutation: Scrolls take you a little longer to read. [mutagenic meat]
  5385 | D:8      | Gained mutation: You expend magic power (3 MP) to strengthen your wands. [mutagenic meat]
  5437 | D:8      | Got a steaming great sword {god gift}
  5438 | D:8      | Identified the +1 great sword of Iluheidgh {slice, Dex+8} (Okawaru gifted it to you on level 8 of the Dungeon)
  5468 | D:8      | Learned a level 1 spell: Summon Butterflies
  5723 | D:9      | Noticed a purple ugly thing
  5731 | D:9      | Killed a purple ugly thing
  5766 | D:9      | Noticed Lick's ghost (experienced TrMo)
  5778 | D:9      | Killed Lick's ghost
  5778 | D:9      | Reached skill level 15 in Unarmed Combat
  5878 | D:9      | Received a gift from Okawaru
  6102 | D:9      | Noticed a cyclops
  6109 | D:9      | Killed a cyclops
  6109 | D:9      | Received a gift from Okawaru
  6109 | D:9      | Reached skill level 16 in Unarmed Combat
  6113 | D:9      | Got a slimy giant club {god gift}
  6115 | D:9      | Identified the +4 giant club "Koany" {speed, rPois rN+ MR+} (Okawaru gifted it to you on level 9 of the Dungeon)
  6195 | D:9      | Reached skill level 1 in Armour
  6217 | D:9      | Got a warped robe
  6228 | D:9      | Identified the cursed +0 robe of Sorcery {rCorr} (You found it on level 9 of the Dungeon)
  6293 | D:10     | Entered Level 10 of the Dungeon
  6296 | D:10     | Noticed a four-headed hydra
  6303 | D:10     | Killed a four-headed hydra
  6303 | D:10     | Reached XP level 11. HP: 87/94 MP: 10/10
  6963 | D:10     | Noticed a hill giant
  6972 | D:10     | Killed a hill giant
  6972 | D:10     | Reached skill level 5 in Armour
  7472 | D:11     | Found a staircase to the Lair.
  7474 | D:11     | Received a gift from Okawaru
  8263 | D:11     | Lost mutation: Your mind is acute. (Int +2) [mutagenic meat]
  8264 | D:11     | Gained mutation: You are robust (+10% HP). [mutagenic meat]
  8317 | D:11     | Noticed Maud
  8338 | D:11     | Killed Maud
  8655 | D:12     | Noticed a hill giant
  8666 | D:12     | Killed a hill giant
  8997 | D:13     | Noticed a five-headed hydra
  9018 | D:12     | Slain by a five-headed hydra

Vault maps used:
D:1:      lightli_arrival_isolated_outpost
D:2:      nemelex_deck, first_bread, uniq_terence, uniq_crazy_yiuf_cottage,
          uniq_jessica
D:3:      minmay_misc_feat_hallway, uniq_grinder
D:4:      okawaru_altar_gauntlet_db, kiku_gazebo_garden_becter, serial_shops,
          shop, nicolae_shop_crystal, grunt_decor_arrowhead
D:5:      good_gods_mini_temple, zaba_anthole, minmay_door_square, minivault_25,
          minivault_11
D:6:      grunt_temple_overflow_forces_of_nature, serial_shops,
          nicolae_shop_trees
D:7:      amethyst_overflow_temple_binary, kennysheep_mini_moat,
          minmay_temple_entry_junction, hangedman_minor_gate_pass
D:9:      corexii_mini_fake_secret_closet
D:11:     lair_0_dummy, uniq_maud
D:12:     nooodl_glass_maze, orc_david_3, hangedman_tell_no_tales,
          lemuel_angel_altar
D:13:     minivault_16, serial_bayou_ford_a, kennysheep_small_circle,
          uniq_sonja, uniq_kirke

Action                   |  1- 3 |  4- 6 |  7- 9 | 10-12 || total
-------------------------+-------+-------+-------+-------++-------
Melee: Unarmed           |    61 |   130 |   233 |   150 ||   574
       Giant club        |       |       |       |   195 ||   195
Evoke: Deck              |       |     6 |       |       ||     6
       Wand              |       |       |       |     1 ||     1
  Use: Potion            |     2 |     3 |       |     7 ||    12
       Scroll            |     2 |       |     3 |     8 ||    13
 Stab: Sleeping          |     1 |       |       |       ||     1
  Eat: Chunk             |     2 |    18 |    34 |    29 ||    83
       Bread ration      |     1 |       |       |       ||     1
       Meat ration       |       |       |       |     1 ||     1
       Pizza             |       |       |       |     1 ||     1
